 Dungeon Crawl Stone Soup version 0.20.1-1-g8b1a95d (webtiles) character file.

7055 ninurtach the Fighter (level 10, -2/101 HPs)
             Began as a Minotaur Fighter on Nov 12, 2017.
             Was a Priest of Okawaru.
             Killed from afar by Erica (30 damage)
             ... with an orb of energy
             ... on level 9 of the Dungeon.
             The game lasted 00:30:15 (10758 turns).

ninurtach the Fighter (Minotaur Fighter)           Turns: 10758, Time: 00:30:15

Health: -2/101     AC: 12    Str: 20    XL:     10   Next: 83%
Magic:  9/9        EV: 11    Int:  5    God:    Okawaru [***...]
Gold:   476        SH:  0    Dex: 14    Spells: 9/9 levels left

rFire    x . .     SeeInvis .   h - +2 short sword (elec)
rCold    + + .     Gourm    .   c - +0 shield
rNeg     . . .     Faith    .   y - +0 ice dragon scales
rPois    .         Spirit   .   (helmet restricted)
rElec    .         Reflect  +   (no cloak)
rCorr    .         Harm     .   (no gloves)
MR       .....                  (no boots)
Stlth    ..........             j - +5 amulet of reflection
Regen    0.7/turn               (no ring)
MPRegen  0.2/turn               (no ring)

@: confused, slowed, very slow
A: retaliatory headbutt, horns 2, regeneration 1
a: Heroism, Renounce Religion


You were on level 9 of the Dungeon.
You worshipped Okawaru.
Okawaru was most pleased with you.
You were not hungry.

You visited 1 branch of the dungeon, and saw 9 of its levels.
You also visited: Sewer.

You collected 476 gold pieces.

Inventory:

Hand Weapons
 a - a +0 war axe
 h - a +2 short sword of electrocution (weapon)
Armour
 c - a +0 shield (worn)
 y - +0 ice dragon scales (worn)
Magical Staves
 I - an uncursed staff of air
Jewellery
 j - a +5 amulet of reflection (around neck)
 m - an uncursed amulet of harm {unknown}
 v - an uncursed ring of stealth {unknown}
 z - a cursed amulet of inaccuracy {unknown}
 A - a +2 ring of dexterity {unknown}
 F - a +2 amulet of reflection
Wands
 d - a wand of lightning (2/15)
 o - a wand of lightning (9/15)
 D - a wand of random effects (25/48)
 G - a wand of paralysis (11/24)
Scrolls
 b - 4 scrolls of identify
 k - a scroll of blinking {unknown}
 q - 3 scrolls of recharging
 r - 2 scrolls of enchant armour
 s - a scroll of vulnerability {unknown}
 E - 2 scrolls of fog
 H - 2 scrolls of brand weapon {unknown}
Potions
 e - 3 potions of lignification
 i - 3 potions of flight
 n - 2 potions of haste
 p - a potion of ambrosia
 u - a potion of agility
 w - a potion of degeneration {unknown}
 B - a potion of invisibility
Books
 t - a book of the Tempests

   Spells                             Type                      Level
   a - Static Discharge               Conjuration/Air              3
   b - Lightning Bolt                 Conjuration/Air              5
   c - Ignition                       Fire                         8
   d - Tornado                        Air                          9
   e - Shatter                        Earth                        9
Comestibles
 f - 9 bread rations
 g - 3 meat rations
 l - 5 chunks of flesh
 C - 6 royal jellies


   Skills:
 - Level 13.2 Fighting
 - Level 11.0 Axes
 + Level 8.1 Armour
 + Level 6.6 Dodging
 - Level 3.6 Shields


You had 9 spell levels left.
You didn't know any spells.

Dungeon Overview and Level Annotations

Branches:
Dungeon (9/15)             Temple (0/1) D:4             Orc (0/2) D:9
   Lair: D:8-11

Altars:
Ashenzari
Elyvilon
Fedhas
Gozag
Makhleb
Nemelex Xobeh
Okawaru
Qazlal
Sif Muna
Trog
Xom
Yredelemnul
The Shining One

Annotations:
D:9 Erica


Innate Abilities, Weirdness & Mutations

You reflexively headbutt those who attack you in melee.
You have a pair of horns on your head.
Your natural rate of healing is unusually fast.


Message History

You hit Erica. Your headbutt misses Erica. You block Erica's attack.
Erica completely misses you.
You regained 2 hp, and now have 23/101 hp.
You puncture Erica! You block Erica's attack.
You closely miss Erica. Your headbutt misses Erica.
Erica hits you but does no damage. You block Erica's attack.
Spoiler Alert: Erica can cast Venom Bolt, IMB, go Invisible, and teleport away!
You closely miss Erica.
Erica mumbles some strange words.
Erica flickers and vanishes!
Deactivating autopickup; reactivate with Ctrl-A.
You completely miss something.
You hear some strange, mumbled words.
Something tries to affect you, but you resist.
You hear some strange, mumbled words.
You are confused.
You hear some strange, mumbled words.
An orb of energy appears from out of thin air!
The orb of energy hits you!
You die...

###............#
...............#
..............#
@.............#
...(..........#
..............#
#{......#
#.......#
#@####### #.#
#.# #.#
.######.#
........#
########
........#
.......#
........########
.......#
...............#


There were no monsters in sight!

Vanquished Creatures
  A two-headed ogre (D:9)
  The ghost of flt the Transmogrifier, a novice OpTm of Cheibriados (D:8)
  Pikel (D:5)
  A troll (D:9)
  A hippogriff (D:7)
  A human (D:9)
  A wyvern (D:8)
  A wraith (D:9)
  4 hogs (D:9)
  2 hungry ghosts
  2 orc warriors (D:8)
  2 sky beasts
  A slave (D:5)
  Purgy (D:4)
  A black bear (D:7)
  3 phantoms
  A centaur (D:5)
  3 necrophages (D:7)
  2 ogres
  4 bullfrogs
  A water moccasin zombie (D:7)
  A troll zombie (D:9)
  5 scorpions
  A water moccasin skeleton (D:8)
  6 killer bees (D:8)
  A wight (D:7)
  A howler monkey (D:6)
  3 electric eels (D:8)
  A bullfrog zombie (D:7)
  5 crimson imps
  A quasit (D:7)
  2 orc wizards (D:8)
  A centaur zombie (D:8)
  3 hounds
  3 orc priests
  A jelly (D:9)
  A bullfrog skeleton (D:4)
  6 iguanas
  Ijyb (D:5)
  4 worker ants
  4 ogre zombies (D:9)
  14 gnolls
  12 adders
  2 shadow imps
  An ooze (D:1)
  An adder zombie (D:7)
  An adder skeleton (D:4)
  4 worms
  2 dart slugs
  5 leopard geckos
  19 orcs
  6 ball pythons
  15 giant cockroaches
  14 goblins
  19 hobgoblins
  9 jackals
  6 quokkas
  6 bats
  12 frilled lizards
  A goblin skeleton (D:9)
  A hobgoblin skeleton (D:9)
  A hobgoblin zombie (D:9)
  5 kobolds
  A leopard gecko skeleton (D:4)
  A leopard gecko zombie (D:7)
  An orc skeleton (D:9)
  13 orc zombies (D:9)
  A quokka skeleton (D:4)
  A quokka zombie (D:7)
  10 rats
270 creatures vanquished.

Notes
Turn   | Place    | Note
-------+----------+-------------------------------------------
     0 | D:1      | ninurtach the Minotaur Fighter began the quest for the Orb.
     0 | D:1      | Reached XP level 1. HP: 19/19 MP: 0/0
   393 | D:1      | Reached XP level 2. HP: 22/26 MP: 1/1
  1284 | D:1      | Reached XP level 3. HP: 31/31 MP: 2/2
  1776 | D:2      | Found a stormy altar of Qazlal.
  1819 | D:2      | Reached skill level 5 in Axes
  1882 | D:2      | Reached XP level 4. HP: 37/39 MP: 3/3
  2613 | D:3      | Reached XP level 5. HP: 45/45 MP: 4/4
  2622 | D:3      | HP: 2/45 [orc priest/flail (3)]
  3284 | D:4      | Found a shattered altar of Ashenzari.
  3351 | D:4      | Reached XP level 6. HP: 36/51 MP: 5/5
  3602 | D:4      | Noticed Purgy
  3610 | D:4      | Killed Purgy
  3652 | D:4      | Found a staircase to the Ecumenical Temple.
  3694 | D:4      | Reached XP level 7. HP: 57/57 MP: 6/6
  3914 | D:4      | Reached skill level 10 in Axes
  4637 | D:4      | Found a bloodstained altar of Trog.
  4670 | D:5      | Entered Level 5 of the Dungeon
  4722 | D:5      | Found a glowing drain.
  4737 | Sewer    | Entered a sewer
  5461 | D:5      | Found a basalt altar of Yredelemnul.
  5520 | D:5      | Reached skill level 4 in Fighting
  5520 | D:5      | Reached XP level 8. HP: 63/66 MP: 7/7
  5617 | D:5      | Noticed Ijyb
  5629 | D:5      | Reached skill level 5 in Fighting
  5637 | D:5      | Killed Ijyb
  6163 | D:5      | Reached skill level 6 in Fighting
  6181 | D:5      | Noticed Pikel
  6195 | D:5      | Killed Pikel
  6195 | D:5      | Reached skill level 8 in Fighting
  6253 | D:5      | Reached skill level 9 in Fighting
  6681 | D:6      | Found a glowing golden altar of the Shining One.
  6743 | D:6      | Reached XP level 9. HP: 84/84 MP: 8/8
  6792 | D:6      | Found a blossoming altar of Fedhas.
  7135 | D:7      | Reached skill level 10 in Fighting
  7335 | D:7      | Reached skill level 11 in Fighting
  7366 | D:7      | Found a sparkling altar of Nemelex Xobeh.
  7366 | D:7      | Found an opulent altar of Gozag.
  7552 | D:7      | Found a white marble altar of Elyvilon.
  7671 | D:7      | Reached skill level 12 in Fighting
  7692 | D:7      | Found an iron altar of Okawaru.
  7700 | D:7      | Became a worshipper of Warmaster Okawaru
  7785 | D:7      | Found a deep blue altar of Sif Muna.
  8065 | D:8      | Found a shimmering altar of Xom.
  8065 | D:8      | Found a burning altar of Makhleb.
  8112 | D:8      | Noticed flt's ghost (novice OpTm)
  8121 | D:8      | Killed flt's ghost
  8121 | D:8      | Reached skill level 13 in Fighting
  8148 | D:8      | Reached * piety under Okawaru
  8148 | D:8      | Reached XP level 10. HP: 92/99 MP: 9/9
  8191 | D:8      | Reached skill level 1 in Dodging
  9289 | D:8      | Gained mutation: You occasionally shout uncontrollably at your foes. [potion of mutation]
  9289 | D:8      | Gained mutation: Your natural rate of healing is unusually fast. [potion of mutation]
  9313 | D:8      | Lost mutation: You occasionally shout uncontrollably at your foes. [mutagenic meat]
  9720 | D:8      | Reached skill level 5 in Armour
 10185 | D:9      | Reached ** piety under Okawaru
 10401 | D:9      | Found a staircase to the Orcish Mines.
 10413 | D:9      | Reached skill level 5 in Dodging
 10539 | D:9      | Noticed a two-headed ogre
 10545 | D:9      | Killed a two-headed ogre
 10545 | D:9      | Reached *** piety under Okawaru
 10732 | D:9      | Noticed Erica
 10758 | D:9      | Killed from afar by Erica

Skill      XL: |  1  2  3  4  5  6  7  8  9 10 |
---------------+-------------------------------+-----
Axes           | 3 4 5 6 7 9 11 | 11.0
Fighting       | 4 9 13 | 13.2
Armour         | 8 |  8.1
Dodging        | 6 |  6.6
Shields        | |  3.6

Action                   |  1- 3 |  4- 6 |  7- 9 | 10-12 || total
-------------------------+-------+-------+-------+-------++-------
Melee: War axe           |    42 |       |       |       ||    42
       Headbutt          |    10 |    19 |    72 |    41 ||   142
       Short sword       |    40 |   142 |   375 |   252 ||   809
  Use: Scroll            |       |     7 |     8 |       ||    15
       Potion            |       |     2 |     2 |     6 ||    10
 Stab: Invisible         |       |     1 |       |       ||     1
  Eat: Chunk             |     3 |     6 |    15 |     9 ||    33
       Fruit             |       |       |       |     5 ||     5
Armor: Scale mail        |    35 |    21 |       |       ||    56
       Ice dragon scales |       |    20 |   123 |    65 ||   208
Dodge: Dodged            |    17 |    25 |    82 |    60 ||   184
Block: Shield            |    43 |    55 |   274 |   140 ||   512
       Reflection        |       |       |     1 |     4 ||     5
